 Dungeon Crawl Stone Soup version 0.27.1-1-g398f81649c (webtiles) character file.

Game seed: 1577552643693621207

3352 Kinoniko the Basher (level 9, -2/105 HPs)
             Began as a Minotaur Berserker on Sept 9, 2021.
             Was an Elder of Trog.
             Slain by a seven-headed hydra (4 damage)
             ... on level 7 of the Dungeon.
             The game lasted 00:06:43 (6736 turns).

Kinoniko the Basher (Minotaur Berserker)            Turns: 6736, Time: 00:06:45

Health: -2/105     AC:  8    Str: 23    XL:     9   Next: 72%
Magic:  8/8        EV: 14    Int:  6    God:    Trog [****..]
Gold:   389        SH: 10    Dex: 10    Spells: 8/8 levels left

rFire    . . .     SeeInvis .   g - +0 flail
rCold    . . .     Faith    .   v - +0 buckler
rNeg     . . .     Spirit   .   y - +3 robe of Clouds {+Thunder rCloud rElec}
rPois    .         Reflect  +   (helmet restricted)
rElec    +         Harm     .   (no cloak)
rCorr    .         Rampage  .   (no gloves)
Will     .....                  q - +1 pair of boots
Stlth    ..........             i - amulet of reflection
HPRegen  0.27/turn              (no ring)
MPRegen  0.11/turn              (no ring)

@: berserking, very quick
A: horns 2, retaliatory headbutt
a: Renounce Religion, Evoke Thunderclouds, Berserk, Trog's Hand, Brothers in
Arms


You were on level 7 of the Dungeon.
You worshipped Trog.
Trog was greatly pleased with you.
You visited 1 branch of the dungeon, and saw 7 of its levels.

You collected 389 gold pieces.

Inventory:

Hand Weapons
 a - a +0 mace
 g - a +0 flail (weapon)
Armour
 m - a +0 chain mail
 q - a +1 pair of boots (worn)
 v - a +0 buckler (worn)
 y - the +3 robe of Clouds (worn) {+Thunder rCloud rElec}
   (You found it on level 6 of the Dungeon)

   It can be evoked to surround the wearer with storm clouds, with success rate
   depending on Evocations skill.
   rElec:     It insulates you from electricity.
Jewellery
 i - an amulet of reflection (around neck)
Wands
 p - a wand of acid (7)
 r - a wand of flame (20)
 x - a wand of polymorph (8)
Scrolls
 d - 2 scrolls of magic mapping
 k - a scroll of blinking
Potions
 c - 2 potions of attraction {unknown}
 e - a potion of ambrosia {unknown}
 f - 2 potions of might {unknown}
 h - 5 potions of curing {unknown}
 j - a potion of heal wounds {unknown}
 l - 2 potions of lignification {unknown}
 t - 2 potions of flight {unknown}
 u - 3 potions of magic {unknown}


   Skills:
 - Level 3.6 Fighting
 * Level 11.6 Maces & Flails
 + Level 7.9 Armour
 + Level 7.5 Dodging
 + Level 5.0 Shields


You had 8 spell levels left.
You didn't know any spells.
Your spell library was empty.

Dungeon Overview and Level Annotations

Branches:
Dungeon (7/15)
 Temple: D:4-7

Altars:
Zin

Shops:
D:7 *

Annotations:
D:3 2 transporters
D:7 1 transporter, weresquid's ghost, amateur GrGl


Innate Abilities, Weirdness & Mutations

You have a pair of horns on your head.
You reflexively headbutt those who attack you in melee.


Message History

Things that are here:
a +0 spear; a gnoll corpse The shadow imp shouts!
You hear a roar!
Items here: ( ))) ††.
You closely miss the shadow imp. The shadow imp gestures at you.
Pain shoots through your body!
You hit the shadow imp.
The shadow imp is heavily wounded.
You block the shadow imp's attack.
You barely miss the shadow imp.
The shadow imp is heavily wounded.
You hit the shadow imp but do no damage.
The shadow imp is heavily wounded.
The shadow imp hits you.
A seven-headed hydra comes into view.
You barely miss the shadow imp.
The shadow imp is heavily wounded.
The shadow imp gestures at you.
You struggle to resist.
You sock the shadow imp!
You kill the shadow imp!
Trog accepts your kill. The seven-headed hydra bites you!
The seven-headed hydra misses you.
You block the seven-headed hydra's attack.
The seven-headed hydra barely misses you.
The seven-headed hydra bites you!
* * * LOW HITPOINT WARNING * * *
The seven-headed hydra bites you!
* * * LOW HITPOINT WARNING * * *
The seven-headed hydra barely misses you.
Things that are here:
a +0 club; a +0 leather armour A red film seems to cover your vision as you go berserk!
You feel yourself moving faster!
You feel mighty!
You block the seven-headed hydra's attack.
The seven-headed hydra bites you.
* * * LOW HITPOINT WARNING * * *
The seven-headed hydra bites you.
You die...

... .. #.. ...
#.. #.. #.. #.#
#.. #.# #..
#.#####.#
#..#####.......(
#...))@D†......#
#.######)######
# #......# .#
#.)....##...#
#............
.......#.###...
# ########.#
#..# . . #.#
#..# .#.# #.#
#..# .#.#


You could see a seven-headed hydra.

Vanquished Creatures
  A cyclops (D:7)
  Grinder (D:4)
  A steam dragon (D:6)
  Menkaure (D:6)
  A water moccasin (D:7)
  2 sky beasts
  2 ice beasts
  2 ogres
  2 necrophages
  A kobold brigand (D:7)
  Blork the orc (D:4)
  3 bullfrogs
  A water moccasin zombie (D:5)
  A water moccasin skeleton (D:5)
  A killer bee (D:6)
  2 howler monkeys (D:6)
  2 jellies (D:6)
  A centaur zombie (D:5)
  2 hounds (D:6)
  2 centaur skeletons
  An orc priest (D:7)
  A bullfrog skeleton (D:6)
  3 gnoll shamans
  4 iguanas
  Natasha (thrice) (D:3)
  Terence (D:3)
  9 orc wizards
  A scorpion zombie (D:5)
  A hound zombie (D:5)
  Robin (D:2)
  16 gnolls
  7 adders
  3 shadow imps
  2 white imps (D:5)
  2 ufetubi
  An adder skeleton (D:4)
  3 worms (D:2)
  3 dart slugs
  5 orcs
  3 bats (D:1)
  8 endoplasms
  11 goblins
  8 hobgoblins
  11 kobolds
  3 ball pythons
  A frilled lizard (D:1)
  4 rats
146 creatures vanquished.

Vanquished Creatures (others)
  8 plants (D:7)
8 creatures vanquished.

Grand Total: 154 creatures vanquished

Notes
Turn   | Place    | Note
-------+----------+-------------------------------------------
     0 | D:1      | Kinoniko the Minotaur Berserker began the quest for the
                  | Orb.
     0 | D:1      | Reached XP level 1. HP: 19/19 MP: 0/0
   143 | D:1      | Reached skill level 4 in Maces & Flails
   179 | D:1      | Reached XP level 2. HP: 18/26 MP: 1/1
   868 | D:2      | Reached XP level 3. HP: 21/31 MP: 2/2
  1582 | D:2      | Noticed Robin
  1585 | D:2      | Reached ** piety under Trog
  1591 | D:2      | Reached skill level 5 in Maces & Flails
  1598 | D:2      | Killed Robin
  1607 | D:2      | Reached XP level 4. HP: 14/39 MP: 3/3
  1950 | D:3      | Found a faded altar of an unknown god.
  2085 | D:3      | Found a transporter.
  2088 | D:3      | Found a transporter.
  2145 | D:3      | Noticed Natasha
  2152 | D:3      | Killed Natasha
  2265 | D:3      | Noticed Natasha
  2272 | D:3      | Killed Natasha
  2273 | D:3      | Reached XP level 5. HP: 24/45 MP: 4/4
  2530 | D:3      | Noticed Natasha
  2538 | D:3      | Killed Natasha
  2539 | D:3      | Reached skill level 6 in Maces & Flails
  2592 | D:3      | Noticed Terence
  2597 | D:3      | Killed Terence
  2908 | D:4      | Reached XP level 6. HP: 43/51 MP: 5/5
  3067 | D:4      | Reached *** piety under Trog
  3200 | D:4      | Noticed Blork the orc
  3207 | D:4      | Killed Blork the orc
  3208 | D:4      | Reached skill level 7 in Maces & Flails
  3581 | D:4      | Noticed Grinder
  3587 | D:4      | Paralysed by Grinder for 4 turns
  3602 | D:4      | Paralysed by Grinder for 4 turns
  3614 | D:4      | Killed Grinder
  3615 | D:4      | Reached XP level 7. HP: 21/57 MP: 6/6
  3780 | D:5      | Entered Level 5 of the Dungeon
  3895 | D:5      | Reached skill level 8 in Maces & Flails
  3895 | D:5      | Reached skill level 5 in Armour
  3895 | D:5      | Reached skill level 5 in Dodging
  4234 | D:5      | Reached XP level 8. HP: 64/64 MP: 7/7
  4412 | D:5      | Reached skill level 9 in Maces & Flails
  4842 | D:6      | Reached skill level 1 in Shields
  5026 | D:6      | Noticed Menkaure
  5031 | D:6      | Killed Menkaure
  5039 | D:6      | Reached skill level 10 in Maces & Flails
  5114 | D:6      | Reached **** piety under Trog
  5292 | D:6      | Found the +3 robe of Clouds {+Thunder rCloud rElec}
  5394 | D:6      | Reached XP level 9. HP: 68/70 MP: 8/8
  6046 | D:7      | Noticed a cyclops
  6055 | D:7      | Killed a cyclops
  6056 | D:7      | Reached skill level 11 in Maces & Flails
  6376 | D:7      | Found a glowing silver altar of Zin.
  6376 | D:7      | Found Zin's Purification Station.
  6569 | D:7      | Found a transporter.
  6574 | D:7      | Noticed weresquid's ghost (amateur GrGl)
  6620 | D:7      | Reached skill level 5 in Shields
  6732 | D:7      | Noticed a seven-headed hydra
  6736 | D:7      | HP: 2/105 [seven-headed hydra (5)]
  6736 | D:7      | Slain by a seven-headed hydra

Illustrated notes

Levels and vault maps discovered:
D:1:      shiori_arrival_elements, layout_basic
D:2:      layout_loops_cross, uniq_robin
D:3:      gammafunk_wand_slinger, layout_rooms,
          hellmonk_ecumenical_altar_run_dry, uniq_natasha, uniq_terence
D:4:      layout_rooms, minmay_misc_feat_secret_circle, uniq_blork_the_orc,
          uniq_grinder
D:5:      layout_gridville
D:6:      minmay_flawed_box, layout_basic, hangedman_minor_gate_pass,
          uniq_menkaure
D:7:      layout_loops_ring, zin_purify, minmay_temple_entry_gardened_gates,
          gammafunk_ghost_stat_death, hangedman_abyss_or_decor_stabs

Skill      XL: |  1  2  3  4  5  6  7  8  9 |
---------------+----------------------------+-----
Maces & Flails | 4 5 6 7 8 10 11 | 11.6
Dodging        | 3 4 5 6 7 |  7.5
Armour         | 3 4 5 6 7 |  7.9
Shields        | 3 5 |  5.0
Fighting       | |  3.6

Action                   |  1- 3 |  4- 6 |  7- 9 || total
-------------------------+-------+-------+-------++-------
Melee: Mace              |    69 |    75 |       ||   144
       Headbutt          |    10 |    10 |    40 ||    60
       Flail             |       |    19 |   239 ||   258
Invok: Berserk           |     1 |     6 |    12 ||    19
       Trog's Hand       |       |     1 |       ||     1
  Use: Scroll            |       |     5 |     3 ||     8
Armor: Animal skin       |     7 |       |       ||     7
       Ring mail         |     7 |    14 |       ||    21
       Scale mail        |       |    17 |    11 ||    28
       Chain mail        |       |       |    49 ||    49
       Robe              |       |       |    14 ||    14
Dodge: Dodged            |    41 |    56 |    74 ||   171
Block: Other             |       |       |    14 ||    14
       Buckler           |       |       |    47 ||    47
       Reflection        |       |       |     1 ||     1
